 Dungeon Crawl Stone Soup version 0.19-a0-823-gd955774 (webtiles) character file.

49 sugabear the Cutter (level 3, 0/18 HPs)
             Began as a Vine Stalker Gladiator on June 29, 2016.
             Slain by a gnoll
             ... wielding a +0 whip
              (3 damage)
             ... on level 1 of the Dungeon.
             The game lasted 00:01:51 (1270 turns).

sugabear the Cutter (Vine Stalker Gladiator)        Turns: 1270, Time: 00:01:52

Health: 0/18       AC:  6    Str: 18    XL:     3   Next: 75%
Magic:  0/4        EV: 12    Int:  8    God:
Gold:   78         SH:  0    Dex: 14    Spells: 0 memorised, 2 levels left

rFire  . . .     SeeInvis .     a - +0 rapier
rCold  . . .     Gourm    .     i - +0 ring mail
rNeg   . . .     Faith    .     (no shield)
rPois  .         Spirit   +     c - +0 helmet
rElec  .         Dismiss  .     (no cloak)
rCorr  .         Reflect  .     (no gloves)
SustAt .         Harm     .     (no boots)
MR     .....                    (no amulet)
Stlth  +.........               (no ring)
                                (no ring)

@: not resistant to hostile enchantments, very unstealthy
A: fangs 2, regeneration 1, magic shield, antimagic bite, no device heal 3, rot
immunity
a: no special abilities


You were on level 1 of the Dungeon.
You were not hungry.

You visited 1 branch of the dungeon, and saw 2 of its levels.

You collected 78 gold pieces.

Inventory:

Hand Weapons
 a - a +0 rapier (weapon)
Missiles
 d - 3 throwing nets (quivered)
Armour
 c - a +0 helmet (worn)
 i - a +0 ring mail (worn)
Scrolls
 e - 3 scrolls of identify {unknown}
 h - a scroll of enchant armour {unknown}
 k - 3 scrolls of remove curse {unknown}
 m - a scroll of blinking {unknown}
Potions
 b - a potion of flight {unknown}
 g - a potion of berserk rage {unknown}
 n - a potion of might {unknown}
Comestibles
 f - a bread ration
 j - a meat ration


   Skills:
 + Level 2.0 Fighting
 + Level 3.2 Short Blades
 + Level 1.8 Throwing
 + Level 0.5 Armour
 + Level 3.0 Dodging
 + Level 0.3 Stealth


You had 2 spell levels left.
You didn't know any spells.

Dungeon Overview and Level Annotations

Branches:
Dungeon (2/15)

Altars:


Innate Abilities, Weirdness & Mutations

You have extremely sharp teeth.
Your natural rate of healing is unusually fast.
When hurt, damage is shared between your health and your magic reserves.
Your bite disrupts and absorbs the magic of your enemies.
Potions and wands cannot restore your health.
You are immune to rotting.


Message History

Something hits you but does no damage.
You shred the net and break free! The gnoll closely misses you.
Something hits you but does no damage.
There is a stone staircase leading up here.
The gnoll hits you with a whip.
* * * LOW HITPOINT WARNING * * *
You climb upwards.
There is a stone staircase leading down here.
There is an open door here.
You closely miss the gnoll.
The gnoll is moderately wounded.
The gnoll hits you with a whip!
You barely miss the gnoll. You bite the gnoll, but do no damage.
The gnoll is moderately wounded.
The gnoll hits you with a whip.
* * * LOW HITPOINT WARNING * * *
You hit the gnoll but do no damage.
The gnoll is moderately wounded.
The gnoll hits you with a whip.
You die...

......#........#....# #.# #..
....###........####.# #.# #..
....##..........# #.# #.# #..
................# #.# #.# #..
....###........## #.# #.# #..
....####..##..## #.# #.# #..
...............# #.# #.# #..
....###.....##.####.#######.###..
......+.....'...@g...............
#######.....##.####..##.###(####.
............+..# #..##.# #.# #.
.######.....#### #...#.# #.####.
.# #.....# #.#.#.# #...... .#
#.....# #.#.#.# ####### .#
#.....# #.#.#.# ## #######
#.#.#'### #.#.รท...#


You could see a gnoll.

Vanquished Creatures
  A gnoll (D:2)
  A dart slug (D:1)
  2 giant geckos (D:1)
  8 goblins
  4 hobgoblins
  6 kobolds
  5 bats (D:1)
  2 giant newts (D:1)
  6 rats
35 creatures vanquished.

Notes
Turn   | Place    | Note
--------------------------------------------------------------
     0 | D:1      | sugabear the Vine Stalker Gladiator began the quest for the Orb.
     0 | D:1      | Reached XP level 1. HP: 11/11 MP: 2/2
   133 | D:1      | Reached XP level 2. HP: 15/15 MP: 3/3
   518 | D:1      | Reached XP level 3. HP: 18/18 MP: 4/4
  1270 | D:1      | Slain by a gnoll

Vault maps used:
D:1:      sevenhm_arrival_forest_fort_small_6, serial_bayou_pond_c, st_stairs_5
D:2:      marbit_many_paths, lemuel_crystal_altar, grunt_ministairs_1,
          roderic_roman_lattice, dk_noncrumbling_3

Skill      XL: |  1  2  3 |
---------------+----------+-----
Short Blades   | 3 |  3.2
Fighting       | 2 |  2.0
Dodging        | 3 |  3.0
Throwing       | |  1.8
Armour         | |  0.5
Stealth        | |  0.3

Action                   || total
-------------------------++-------
Melee: Rapier            ||    99
       Bite              ||    24
  Eat: Chunk             ||     1
Armor: Leather armour    ||    11
       Ring mail         ||    29
Dodge: Dodged            ||    84
